SAAA
ALLOWAY HALBERDS @ ATHLETIC CLUB KC RESERVES
07/14/2030
 
TOP OF THE 1ST
Alloway Halberds batting - Pitching for Athletic Club KC Reserves : RHP Jeremy G. Wentworth
Pitching: RHP Jeremy G. Wentworth
Batting: LHB Jesús Trevino 0-0: Called Strike
0-1: Fly out, F8 (Line Drive, 89M)
Batting: RHB Rafael Delgado 0-0: Ball
1-0: Foul Ball, location: 2F
1-1: Ball
2-1: Ball
3-1: Base on Balls
Batting: LHB José Zarate 0-0: Ball
1-0: Foul Ball, location: 2F
1-1: Foul Ball, location: 2F
1-2: Foul Ball, location: 2F
1-2: Ball
2-2: Strikes out swinging
Batting: RHB Ethan Stanford 0-0: Ball
1-0: Foul Ball, location: 2F
1-1: Ball
2-1: Ball
3-1: Called Strike
3-2: Base on Balls
Rafael Delgado to second
Batting: RHB Manny Gonzáles 0-0: Ball
Balk!
Rafael Delgado to third
Ethan Stanford to second
1-0: Ball
2-0: Called Strike
2-1: Fly out, F7 (Flyball, 7)
Top of the 1st over - 0 runs, 0 hits, 0 errors, 2 left on base; Alloway 0 - Athletic Club KC 0
BOTTOM OF THE 1ST
Athletic Club KC Reserves batting - Pitching for Alloway Halberds : LHP Gilberto Ramírez
Pitching: LHP Gilberto Ramírez
Batting: RHB Tony Osorio 0-0: Ball
1-0: Called Strike
1-1: Swinging Strike
1-2: Foul Ball, location: 2F
1-2: Foul Ball, location: 2F
1-2: SINGLE (Flyball, 9LM)
Batting: RHB Iván Chacón 0-0: Called Strike
0-1: Ball
1-1: SINGLE (Flyball, 89S)
Tony Osorio to second
Batting: LHB Wu-shun Chu 0-0: Called Strike
0-1: Swinging Strike
0-2: Ball
1-2: Strikes out swinging
Batting: RHB Andrés Medina 0-0: Ball
1-0: Ball
2-0: SINGLE (Flyball, 9LM)
Tony Osorio to third
Iván Chacón to second
Runner from 3rd tries for Home, SAFE, no throw
Batting: SHB Fernando Luna 0-0: Called Strike
0-1: Swinging Strike
0-2: Strikes out swinging
Batting: SHB Eric Moore 0-0: Ball
1-0: Fielders Choice at 2nd, 6-4 (Groundball, 56)
Bottom of the 1st over - 1 run, 3 hits, 0 errors, 2 left on base; Alloway 0 - Athletic Club KC 1
TOP OF THE 2ND
Alloway Halberds batting - Pitching for Athletic Club KC Reserves : RHP Jeremy G. Wentworth
Batting: RHB Vito Middendorf 0-0: Reached on error, E5 (Groundball, 56)
Batting: RHB Jordan Hollins 0-0: Called Strike
0-1: Ball
1-1: Ground out 4-3 (Groundball, 4)
Vito Middendorf to third
Batting: RHB Juan Salinas 0-0: Ball
1-0: Called Strike
1-1: Ground out 6-3 (Groundball, 56)
Vito Middendorf scores
Batting: RHB Tracy Parker 0-0: Swinging Strike
0-1: Called Strike
0-2: Ground out 1-3 (Groundball, 13S)
Top of the 2nd over - 1 run, 0 hits, 1 error, 0 left on base; Alloway 1 - Athletic Club KC 1
BOTTOM OF THE 2ND
Athletic Club KC Reserves batting - Pitching for Alloway Halberds : LHP Gilberto Ramírez
Batting: LHB Tony García 0-0: SINGLE (Flyball, 8LS)
Batting: RHB Javier Marino 0-0: Ball
1-0: Ball
2-0: Ball
3-0: Called Strike
3-1: Base on Balls
Tony García to second
Batting: RHB Allen Williams 0-0: Ball
1-0: Grounds into double play, 6-4-3 (Groundball, 6)
Tony García to third
Batting: RHB Tony Osorio 0-0: Ball
1-0: Ball
Balk!
Tony García scores
2-0: Ball
3-0: Base on Balls
Batting: RHB Iván Chacón 0-0: Ball
1-0: Ball
2-0: Ball
3-0: Called Strike
3-1: Fly out, F8 (Flyball, 8LS)
Bottom of the 2nd over - 1 run, 1 hit, 0 errors, 1 left on base; Alloway 1 - Athletic Club KC 2
TOP OF THE 3RD
Alloway Halberds batting - Pitching for Athletic Club KC Reserves : RHP Jeremy G. Wentworth
Batting: LHB Jesús Trevino 0-0: Foul Ball, location: 2F
0-1: Called Strike
0-2: Ball
1-2: Ball
2-2: Ball
3-2: Ground out U3 (Groundball, 34S)
Batting: RHB Rafael Delgado 0-0: Called Strike
0-1: Ball
1-1: Ground out 5-3 (Groundball, 56)
Batting: LHB José Zarate 0-0: Ball
1-0: Ground out 6-3 (Groundball, 6)
Top of the 3rd over - 0 runs, 0 hits, 0 errors, 0 left on base; Alloway 1 - Athletic Club KC 2
BOTTOM OF THE 3RD
Athletic Club KC Reserves batting - Pitching for Alloway Halberds : LHP Gilberto Ramírez
Batting: LHB Wu-shun Chu 0-0: Called Strike
0-1: Foul Ball, location: 2F
0-2: Ball
1-2: SOLO HOME RUN (Flyball, 9D), Distance : 358 ft
Batting: RHB Andrés Medina 0-0: Ball
1-0: Ball
2-0: Called Strike
2-1: Swinging Strike
2-2: Strikes out looking
Batting: SHB Fernando Luna 0-0: Ball
1-0: Swinging Strike
1-1: Ball
2-1: Fly out, F6 (Popup, P)
Batting: SHB Eric Moore 0-0: DOUBLE (Line Drive, 89D)
Batting: LHB Tony García 0-0: Ball
1-0: Ball
2-0: SINGLE (Line Drive, 9S)
Eric Moore to third
Runner from 3rd tries for Home, SAFE, no throw
Batting: RHB Javier Marino 0-0: Foul Ball, location: 2F
0-1: Ball
1-1: Ball
2-1: Foul Ball, location: 2F
2-2: Ball
3-2: Strikes out swinging
Bottom of the 3rd over - 2 runs, 3 hits, 0 errors, 1 left on base; Alloway 1 - Athletic Club KC 4
TOP OF THE 4TH
Alloway Halberds batting - Pitching for Athletic Club KC Reserves : RHP Jeremy G. Wentworth
Batting: RHB Ethan Stanford 0-0: Called Strike
0-1: Ball
1-1: Ball
2-1: Swinging Strike
2-2: Ball
3-2: Foul Ball, location: 2F
3-2: Foul Ball, location: 2F
3-2: Base on Balls
Batting: RHB Manny Gonzáles 0-0: Fly out, F7 (Flyball, 7)
Batting: RHB Vito Middendorf 0-0: Called Strike
0-1: Foul Ball, location: 2F
0-2: Ball
1-2: Strikes out looking
Batting: RHB Jordan Hollins 0-0: Fielders Choice at 2nd, 6-4 (Groundball, 56)
Top of the 4th over - 0 runs, 0 hits, 0 errors, 1 left on base; Alloway 1 - Athletic Club KC 4
BOTTOM OF THE 4TH
Athletic Club KC Reserves batting - Pitching for Alloway Halberds : LHP Gilberto Ramírez
Batting: RHB Allen Williams 0-0: Called Strike
0-1: Ball
1-1: Ball
2-1: Ball
3-1: Base on Balls
Batting: RHB Tony Osorio 0-0: Ball
1-0: Swinging Strike
1-1: Foul Ball, location: 2F
1-2: Foul Ball, location: 2F
1-2: SINGLE (Groundball, 4) (infield hit)
Allen Williams to second
Batting: RHB Iván Chacón 0-0: Foul Ball, location: 2F
0-1: Ball
1-1: Ball
2-1: Fly out, F6 (Popup, 56D)
Batting: LHB Wu-shun Chu 0-0: Fly out, F4 (Popup, 34D)
Batting: RHB Andrés Medina 0-0: Ball
1-0: 3-RUN HOME RUN (Flyball, 78XD), Distance : 373 ft
Batting: SHB Fernando Luna 0-0: Ball
1-0: Foul Ball, location: 2F
1-1: Ball
2-1: Ground out 4-3 (Groundball, 4M)
Bottom of the 4th over - 3 runs, 2 hits, 0 errors, 0 left on base; Alloway 1 - Athletic Club KC 7
TOP OF THE 5TH
Alloway Halberds batting - Pitching for Athletic Club KC Reserves : RHP Jeremy G. Wentworth
Batting: RHB Juan Salinas 0-0: Ground out 4-3 (Groundball, 4M)
Batting: RHB Tracy Parker 0-0: Swinging Strike
0-1: Fly out, F8 (Flyball, 8RD)
Batting: LHB Jesús Trevino 0-0: Ball
1-0: Fly out, F9 (Flyball, 9LM)
Top of the 5th over - 0 runs, 0 hits, 0 errors, 0 left on base; Alloway 1 - Athletic Club KC 7
BOTTOM OF THE 5TH
Athletic Club KC Reserves batting - Pitching for Alloway Halberds : LHP Gilberto Ramírez
Batting: SHB Eric Moore 0-0: Called Strike
0-1: Foul Ball, location: 2F
0-2: Ball
1-2: Strikes out swinging
Batting: LHB Tony García 0-0: Ball
1-0: Ball
2-0: Swinging Strike
2-1: Ball
3-1: Base on Balls
Pitching: RHP Akihiko Rin
Batting: RHB Javier Marino 0-0: Swinging Strike
0-1: Swinging Strike
0-2: Ball
1-2: Foul Ball, location: 2F
1-2: Foul Ball, location: 2F
1-2: Strikes out swinging
Batting: RHB Allen Williams 0-0: Ball
1-0: Ball
2-0: Swinging Strike
2-1: Ball
3-1: Called Strike
3-2: Strikes out swinging
Bottom of the 5th over - 0 runs, 0 hits, 0 errors, 1 left on base; Alloway 1 - Athletic Club KC 7
TOP OF THE 6TH
Alloway Halberds batting - Pitching for Athletic Club KC Reserves : RHP Jeremy G. Wentworth
Batting: RHB Rafael Delgado 0-0: Foul Ball, location: 2F
0-1: Ball
1-1: Foul Ball, location: 2F
1-2: Ball
2-2: SINGLE (Groundball, 56D)
Batting: LHB José Zarate 0-0: Ball
1-0: Called Strike
1-1: Ball
2-1: Foul Ball, location: 2F
2-2: Ground out 3-1 (Groundball, 34S)
Rafael Delgado to second
Batting: RHB Ethan Stanford 0-0: Ball
1-0: Called Strike
1-1: Called Strike
1-2: Strikes out swinging
Batting: RHB Manny Gonzáles 0-0: Ball
1-0: Called Strike
1-1: Ball
2-1: Swinging Strike
2-2: Ball
3-2: Foul Ball, location: 2F
3-2: Strikes out looking
Top of the 6th over - 0 runs, 1 hit, 0 errors, 1 left on base; Alloway 1 - Athletic Club KC 7
BOTTOM OF THE 6TH
Athletic Club KC Reserves batting - Pitching for Alloway Halberds : RHP Akihiko Rin
Batting: RHB Tony Osorio 0-0: Ground out 5-3 (Groundball, 56)
Batting: RHB Iván Chacón 0-0: Called Strike
0-1: DOUBLE (Line Drive, 8LD)
Batting: LHB Wu-shun Chu 0-0: Ball
1-0: Ball
2-0: Called Strike
2-1: Called Strike
2-2: Ball
3-2: Ground out 4-3 (Groundball, 34D)
Iván Chacón to third
Batting: RHB Andrés Medina 0-0: Called Strike
0-1: Called Strike
0-2: Fly out, F9 (Flyball, 89D)
Bottom of the 6th over - 0 runs, 1 hit, 0 errors, 1 left on base; Alloway 1 - Athletic Club KC 7
TOP OF THE 7TH
Alloway Halberds batting - Pitching for Athletic Club KC Reserves : RHP Jeremy G. Wentworth
Batting: RHB Vito Middendorf 0-0: Ball
1-0: Swinging Strike
1-1: Foul Ball, location: 2F
1-2: Ball
2-2: Ball
3-2: Base on Balls
Pitching: RHP Alfonso Álvarez
Batting: RHB Jordan Hollins 0-0: Ball
1-0: Ball
2-0: Grounds into double play, 5-4-3 (Groundball, 5L)
Batting: RHB Juan Salinas 0-0: Swinging Strike
0-1: Called Strike
0-2: Foul Ball, location: 2F
0-2: Ball
1-2: SINGLE (Groundball, 6D)
Batting: RHB Tracy Parker 0-0: Called Strike
0-1: Ball
1-1: Ball
2-1: Ground out 5-3 (Groundball, 56S)
Top of the 7th over - 0 runs, 1 hit, 0 errors, 1 left on base; Alloway 1 - Athletic Club KC 7
BOTTOM OF THE 7TH
Athletic Club KC Reserves batting - Pitching for Alloway Halberds : RHP Akihiko Rin
Batting: SHB Fernando Luna 0-0: Called Strike
0-1: Ball
1-1: Ball
2-1: Fly out, F9 (Line Drive, 9)
Batting: SHB Eric Moore 0-0: Swinging Strike
0-1: Called Strike
0-2: Ball
1-2: Strikes out swinging
Batting: LHB Tony García 0-0: Ball
1-0: SOLO HOME RUN (Flyball, 9D), Distance : 370 ft
Batting: RHB Javier Marino 0-0: Swinging Strike
0-1: Called Strike
0-2: Ball
1-2: Strikes out swinging
Bottom of the 7th over - 1 run, 1 hit, 0 errors, 0 left on base; Alloway 1 - Athletic Club KC 8
TOP OF THE 8TH
Alloway Halberds batting - Pitching for Athletic Club KC Reserves : RHP Alfonso Álvarez
Batting: LHB Jesús Trevino 0-0: Foul Ball, location: 2F
0-1: Ground out 4-3 (Groundball, 4)
Batting: RHB Rafael Delgado 0-0: Called Strike
0-1: Ball
1-1: Foul Ball, location: 2F
1-2: Ball
2-2: Ball
3-2: Foul Ball, location: 2F
3-2: Foul Ball, location: 2F
3-2: Fly out, F8 (Line Drive, 8RD)
Batting: LHB José Zarate 0-0: Foul Ball, location: 2F
0-1: Called Strike
0-2: Ball
1-2: Ball
2-2: Strikes out swinging
Top of the 8th over - 0 runs, 0 hits, 0 errors, 0 left on base; Alloway 1 - Athletic Club KC 8
BOTTOM OF THE 8TH
Athletic Club KC Reserves batting - Pitching for Alloway Halberds : RHP Akihiko Rin
Batting: RHB Allen Williams 0-0: Ball
1-0: Ball
2-0: Ball
3-0: Base on Balls
Batting: RHB Tony Osorio 0-0: Ball
1-0: Ball
2-0: Ground out 5-3 (Groundball, 56S)
Allen Williams to second
Pitching: RHP Matthew Fallows
Batting: RHB Iván Chacón 0-0: Ball
1-0: SINGLE (Groundball, 6D)
Allen Williams to third
Batting: LHB Wu-shun Chu 0-0: Called Strike
0-1: Swinging Strike
0-2: Ball
1-2: Strikes out swinging
Batting: RHB Andrés Medina 0-0: Ball
1-0: Fly out, F7 (Flyball, 7S)
Bottom of the 8th over - 0 runs, 1 hit, 0 errors, 2 left on base; Alloway 1 - Athletic Club KC 8
TOP OF THE 9TH
Alloway Halberds batting - Pitching for Athletic Club KC Reserves : RHP Alfonso Álvarez
Batting: RHB Ethan Stanford 0-0: Foul Ball, location: 2F
0-1: Ball
1-1: Foul Ball, location: 2F
1-2: Ball
2-2: SINGLE (Groundball, 34D)
Batting: RHB Manny Gonzáles 0-0: Ball
1-0: Foul Ball, location: 2F
1-1: Fly out, F7 (Flyball, 78S)
Batting: RHB Vito Middendorf 0-0: Called Strike
0-1: Ball
1-1: Ball
2-1: SINGLE (Groundball, 6MD)
Ethan Stanford to second
Batting: RHB Jordan Hollins 0-0: Ball
1-0: Called Strike
1-1: Ball
2-1: Ground out 5-3 (Groundball, 56S)
Ethan Stanford to third
Vito Middendorf to second
Batting: RHB Juan Salinas 0-0: Fly out, F9 (Flyball, 9D)
Top of the 9th over - 0 runs, 2 hits, 0 errors, 2 left on base; Alloway 1 - Athletic Club KC 8
Sunday, March 18th, 2018 - OOTP Baseball 18.8 Build 76